 Dungeon Crawl Stone Soup version 0.31-a0-344-gd109795599 (webtiles) character file.

Game seed: 6146294907196095283

10787 Newt the Nimble (level 11, -23/84 HPs)
             Began as a Merfolk Fighter on July 21, 2023.
             Was a Believer of the Shining One.
             Engulfed by a fire crab's flame (41 damage)
             ... on level 9 of the Dungeon.
             The game lasted 00:11:36 (9571 turns).

Newt the Nimble (Merfolk Fighter)                   Turns: 9571, Time: 00:11:36

Health: -23/84     AC:  9    Str: 24    XL:     11   Next: 67%
Magic:  11/11      EV: 24    Int:  7    God:    the Shining One [**....]
Gold:   218        SH: 12    Dex: 23    Spells: 10/10 levels left

rFire   . . .        w - +13 consecrated labrys {holy, Valiant Fragile Fly SInv}
rCold   . . .        c - +1 buckler
rNeg    + . .        Q - +1 troll leather armour
rPois   .            J - +0 hat of the Gloaming {-Tele Str+6 Stlth+}
rElec   .            u - +0 cloak
rCorr   .            h - +0 pair of gloves
SInv    +            k - +0 pair of boots
Will    .....        o - amulet of reflection
Stlth   +            i - +6 ring of dexterity
HPRegen 1.14/turn    r - +5 ring of evasion
MPRegen 0.12/turn

%: no teleportation, reflection
@: flying, slowed, glowing, very slow
A: (nimble swimmer 2), mertail
a: Renounce Religion, Divine Shield


You were on level 9 of the Dungeon.
You worshipped the Shining One.
The Shining One was pleased with you.
You visited 2 branches of the dungeon, and saw 10 of its levels.
You also visited: Sewer.

You collected 480 gold pieces.
You spent 262 gold pieces at shops.

Inventory:

Hand Weapons
 a - a +1 long sword
 w - the +13 consecrated labrys (weapon) {holy, Valiant Fragile Fly SInv}
   (You found it on level 5 of the Dungeon)

   Valiant:   It becomes more powerful as more dangerous foes come into view.
   SInv:      It lets you see invisible.
   Fly:       It grants you flight.
   Fragile:   It will be destroyed if unequipped.
 P - a +2 flail of venom
Missiles
 F - 5 boomerangs
Armour
 b - a +0 scale mail
 c - a +1 buckler (worn)
 h - a +0 pair of gloves (worn)
 k - a +0 pair of boots (worn)
 q - a +0 hat
 u - a +0 cloak (worn)
 J - the +0 hat of the Gloaming (worn) {-Tele Str+6 Stlth+}
   (You found it on level 7 of the Dungeon)

   Str:       It affects your strength (+6).
   -Tele:     It prevents most forms of teleportation.
   Stlth:     It makes you more stealthy.
 L - a +1 leather armour of fire resistance
 Q - a +1 troll leather armour (worn)
Jewellery
 i - a +6 ring of dexterity (left hand)
 o - an amulet of reflection (around neck)
 p - a ring of protection from cold
 r - a +5 ring of evasion (right hand)
 s - an amulet of regeneration
 t - a ring of protection from fire
 A - a ring of positive energy
Wands
 d - a wand of flame (42)
 x - a wand of paralysis (6)
 H - a wand of mindburst (12)
 I - a wand of digging (5)
Scrolls
 y - a scroll of poison
 z - a scroll of amnesia
 B - a scroll of fog
 M - a scroll of teleportation
 N - a scroll of summoning {unknown}
 O - a scroll of blinking
Potions
 e - 2 potions of cancellation
 f - a potion of ambrosia
 g - 4 potions of curing
 j - 3 potions of attraction
 l - 2 potions of heal wounds
 m - 3 potions of lignification
 n - a potion of degeneration
 C - a potion of mutation
 D - a potion of haste
 E - a potion of might
 G - a potion of resistance


   Skills:
 - Level 7.0 Fighting
 - Level 7.0 Long Blades
 - Level 8.9(10.0) Axes
 - Level 7.0(9.0) Maces & Flails
 - Level 4.0 Armour
 - Level 10.0 Dodging
 + Level 4.2 Shields


You had 10 spell levels left.
You didn't know any spells.
Your spell library contained the following spells:

 Spells                   Type           Power      Damage    Failure   Level
 Gell's Gravitas          Tloc           0%         N/A       88%         3
 Teleport Other           Tloc           0%         N/A       88%         3
 Dispersal                Tloc           0%         N/A       100%        6


Dungeon Overview and Level Annotations

Branches:
Dungeon (9/15)             Temple (1/1) D:4           Sewer (visited)
   Lair: D:8-11         Orc: D:9-12

Altars:
Ashenzari
Cheibriados
Dithmenos
Elyvilon
Fedhas
Gozag
Hepliaklqana
Kikubaaqudgha
Nemelex Xobeh
Okawaru
Qazlal
Ru
Sif Muna
Trog
Uskayaw
Vehumet
Wu Jian
Xom
Yredelemnul
Zin
The Shining One

Shops:
D:1 *   D:5 ?   D:7 ?


Innate Abilities, Weirdness & Mutations

((You are very nimble when in or above water. (Stealth+, EV+, Speed+++)))
Your lower body shifts to a powerful aquatic tail in water.


Message History

You slash the two-headed ogre!
The two-headed ogre is moderately wounded.
You slash the kobold!
You kill the kobold!
You hit the kobold brigand. You block the kobold brigand's attack.
The two-headed ogre completely misses you.
The two-headed ogre hits you but does no damage.
The kobold brigand hits you with a +0 short sword.
You slice the two-headed ogre!!
The two-headed ogre is severely wounded.
You slice the kobold brigand!!
The two-headed ogre completely misses you.
The two-headed ogre closely misses you. The kobold brigand misses you.
Unknown command.
You slice the two-headed ogre!!
You kill the two-headed ogre!
You slash the fire crab! You slash the kobold brigand!
You kill the kobold brigand!
The fire crab breathes flames at you. The blast of flame misses you.
The fire crab bites you.
* * * LOW HITPOINT WARNING * * *
You are engulfed in flames!
* * * LOW HITPOINT WARNING * * *
The fire crab claws you but does no damage.
Your Shields skill increases to level 4!
Unknown command.
Unknown command.
You feel much better.
You are engulfed in blazing flames.
* * * LOW HITPOINT WARNING * * *
The fire crab breathes flames at you. The blast of flame engulfs you!
* * * LOW HITPOINT WARNING * * *
You feel much better.
You are engulfed in blazing flames.
* * * LOW HITPOINT WARNING * * *
You block the fire crab's attack. x4
Unknown command.
You slash the fire crab!
The fire crab is moderately wounded.
You are engulfed in blazing flames.
You die...

#..#.$#..#..###.. ......
......#... . #..###..#
#).# ..
####.......####### ...
#..#.......#..#.^# ....
#.....###.....#.÷.
.....###.....#.....###))
......t†..#.$#..#.......
......)@..#######...⌠[..
......)...# #.......
.....###..... .....###..
.... .....###..... ...
... #..#.......#..#..#
.. ####.......####### .
..###.. ...


You could see a fire crab.

Vanquished Creatures
  2 centaur warriors (D:9)
  3 two-headed ogres (D:9)
  Maurice (D:9)
  The ghost of hgbash the Changeling, a novice SpSh of Hepliaklqana (D:7)
  2 trolls (D:9)
  A meliai (D:9)
  Grinder (D:4)
  8 yaks (D:9)
  Menkaure (D:4)
  A warg (D:7)
  Edmund (D:4)
  An acid dragon (D:9)
  Duvessa (D:5)
  3 sky beasts
  3 black bears
  6 orc warriors
  An ice beast (D:8)
  3 ogres
  5 centaurs
  4 kobold brigands
  3 bullfrogs
  2 gnoll sergeants
  2 scorpions (D:5)
  6 wights
  Dowan (D:5)
  8 killer bees
  5 howler monkeys
  5 hounds
  A gnoll bouda (D:4)
  8 orc priests
  Crazy Yiuf (D:4)
  A sleepcap (D:4)
  Terence (D:3)
  7 iguanas
  8 orc wizards
  15 gnolls
  6 adders
  4 river rats (Sewer)
  2 shadow imps (D:6)
  A white imp (D:8)
  An ufetubus (D:7)
  5 worms
  2 dart slugs
  30 orcs
  6 bats
  7 endoplasms
  4 giant cockroaches
  7 goblins
  10 hobgoblins
  10 jackals
  20 kobolds
  9 quokkas
  7 ball pythons
  6 frilled lizards
  10 rats
270 creatures vanquished.

Notes
Turn   | Place    | Note
-------+----------+-------------------------------------------
     0 | D:1      | Newt the Merfolk Fighter began the quest for the Orb.
     0 | D:1      | Reached XP level 1. HP: 18/18 MP: 1/1
   115 | D:1      | Reached XP level 2. HP: 15/25 MP: 2/2
   188 | D:1      | Found Wodu's Assorted Antiques.
   230 | D:1      | Reached skill level 1 in Dodging
   348 | D:1      | Reached skill level 2 in Dodging
   476 | D:1      | Reached XP level 3. HP: 30/30 MP: 3/3
   969 | D:1      | Reached skill level 3 in Dodging
  1177 | D:2      | Reached skill level 4 in Dodging
  1177 | D:2      | Reached XP level 4. HP: 34/37 MP: 4/4
  1399 | D:2      | Found a faded altar of an unknown god.
  1703 | D:3      | Found a broken altar of Ashenzari.
  1837 | D:3      | Reached XP level 5. HP: 31/42 MP: 5/5
  2089 | D:3      | Noticed Terence
  2095 | D:3      | Killed Terence
  2726 | D:4      | Noticed a black bear
  2737 | D:4      | Killed a black bear
  2738 | D:4      | Reached skill level 5 in Long Blades
  2738 | D:4      | Reached XP level 6. HP: 33/48 MP: 6/6
  2803 | D:4      | Identified the +3 shortbow "Xoucac" {freeze, rF- Will-
                  | rCorr MP+9}
  2906 | D:4      | Noticed Grinder
  2935 | D:4      | Killed Grinder
  2936 | D:4      | Reached skill level 5 in Fighting
  2936 | D:4      | Reached XP level 7. HP: 17/56 MP: 7/7
  3197 | D:4      | Noticed Edmund
  3213 | D:4      | Killed Edmund
  3651 | D:4      | Found a staircase to the Ecumenical Temple.
  3686 | D:4      | Noticed Menkaure
  3696 | D:4      | Killed Menkaure
  3697 | D:4      | Reached XP level 8. HP: 48/65 MP: 8/8
  3752 | Temple   | Entered the Ecumenical Temple
  3811 | Temple   | Became a worshipper of the Shining One
  3883 | D:4      | Found a runed translucent door.
  3884 | D:4      | Noticed Crazy Yiuf
  4350 | D:4      | Killed Crazy Yiuf
  4402 | D:5      | Entered Level 5 of the Dungeon
  4409 | D:5      | Noticed Duvessa
  4410 | D:5      | Noticed Dowan
  4423 | D:5      | Killed Duvessa
  4435 | D:5      | Killed Dowan
  4671 | D:5      | Reached skill level 5 in Dodging
  4797 | D:5      | Found an iron altar of Okawaru.
  4797 | D:5      | Found the +4 consecrated labrys {holy, Valiant Fragile Fly
                  | SInv}
  4805 | D:5      | Reached skill level 6 in Dodging
  5107 | D:5      | Reached skill level 1 in Axes
  5168 | D:5      | Found Wodi's Magic Scroll Emporium.
  5171 | D:5      | Bought a scroll of identify for 24 gold pieces
  5171 | D:5      | Bought a scroll of identify for 24 gold pieces
  5171 | D:5      | Bought a scroll of identify for 24 gold pieces
  5171 | D:5      | Bought a scroll of identify for 24 gold pieces
  5171 | D:5      | Bought a scroll of identify for 24 gold pieces
  5356 | D:5      | Reached XP level 9. HP: 72/72 MP: 9/9
  5930 | D:6      | Reached * piety under the Shining One
  5981 | D:6      | Reached skill level 5 in Axes
  5990 | D:6      | Found a sparkling altar of Nemelex Xobeh.
  6166 | D:6      | Found a glowing drain.
  6187 | Sewer    | Entered a sewer
  6727 | D:6      | Found a snail-covered altar of Cheibriados.
  6981 | D:7      | Reached skill level 1 in Maces & Flails
  7239 | D:7      | Found a runed translucent gate.
  7241 | D:7      | Found a runed translucent gate.
  7291 | D:7      | Noticed hgbash's ghost (novice SpSh)
  7347 | D:7      | Found a runed translucent gate.
  7364 | D:7      | Killed hgbash's ghost
  7365 | D:7      | Reached XP level 10. HP: 76/79 MP: 10/10
  7373 | D:7      | Reached skill level 5 in Maces & Flails
  7390 | D:7      | Identified the +0 hat of the Gloaming {-Tele Str+6 Stlth+}
  7641 | D:7      | Found Ukloc's Magic Scroll Shop.
  7669 | D:7      | Bought a scroll of enchant armour for 112 gold pieces
  7669 | D:7      | Bought a scroll of identify for 30 gold pieces
  8158 | D:8      | Found a shadowy altar of Dithmenos.
  8388 | D:8      | Reached ** piety under the Shining One
  8800 | D:9      | Found a shimmering altar of Xom.
  8806 | D:9      | Noticed a two-headed ogre
  8813 | D:9      | Killed a two-headed ogre
  9057 | D:9      | Noticed a two-headed ogre
  9062 | D:9      | Killed a two-headed ogre
  9065 | D:9      | Noticed a centaur warrior
  9070 | D:9      | Reached XP level 11. HP: 51/84 MP: 11/11
  9073 | D:9      | Killed a centaur warrior
  9256 | D:9      | Identified the +2 leather armour of Zilo {Int+4}
  9259 | D:9      | Noticed a centaur warrior
  9268 | D:9      | Reached skill level 7 in Dodging
  9268 | D:9      | Killed a centaur warrior
  9269 | D:9      | Reached skill level 8 in Dodging
  9549 | D:9      | Noticed Maurice
  9554 | D:9      | Reached skill level 9 in Dodging
  9558 | D:9      | Noticed a two-headed ogre
  9559 | D:9      | Paralysed by Maurice for 3 turns
  9561 | D:9      | Noticed a fire crab
  9562 | D:9      | Killed Maurice
  9563 | D:9      | Reached skill level 10 in Dodging
  9568 | D:9      | Killed a two-headed ogre
  9571 | D:9      | Engulfed by a fire crab's flame

Illustrated notes

Levels and vault maps discovered:
D:1:      onia_arrival_mini_maze_b, layout_loops_corners, serial_shops,
          nicolae_shop_temple_entry_statues_fountains, minmay_tetromino_t4
D:2:      layout_basic, ebering_ecumenical_altar_hall
D:3:      layout_basic, lemuel_crystal_altar, hex_medium, uniq_terence
D:4:      layout_cave_pods, minmay_temple_entry_glassed_door, minivault_14,
          uniq_crazy_yiuf_cottage, uniq_edmund, uniq_grinder, uniq_menkaure
D:5:      black_bear_nest_1, layout_basic,
          hellmonk_okawaru_the_only_friend_you_need, serial_shops,
          nicolae_shop_rolled_up, uniq_duvessa
D:6:      layout_basic, lemuel_crystal_altar, mainiacjoe_overflow_paths,
          gup_sewer_entry_glass, kennysheep_generic_room_12
D:7:      layout_gridville, serial_shops, shop, biasface_ghost_orc_armoury
D:8:      layout_rooms, lemuel_doored_altar
D:9:      hangedman_cross_cluster, layout_long_grid, xom_butterflies,
          minmay_lair_entry_lava, serial_shops, nicolae_shop_waterfront,
          nicolae_twisty_statue_hallways, uniq_maurice
Temple:   nicolae_temple_superstar

Skill      XL: |  1  2  3  4  5  6  7  8  9 10 11 |
---------------+----------------------------------+-----
Fighting       | 4 5 6 7 |  7.0
Dodging        | 2 4 6 10 | 10.0
Long Blades    | 3 5 7 |  7.0
Armour         | 4 |  4.0
Axes           | 3 6 7 8 |  8.9
Maces & Flails | 4 7 |  7.0
Shields        | 4 |  4.2

Action                     |  1- 3 |  4- 6 |  7- 9 | 10-12 || total
---------------------------+-------+-------+-------+-------++-------
  Melee: Long sword        |   123 |   141 |   185 |       ||   449
         Labrys            |       |       |   113 |   152 ||   265
    Use: Scroll            |     2 |     3 |    11 |     2 ||    18
         Potion            |       |     1 |     2 |     3 ||     6
 Armour: Scale mail        |    84 |    41 |    40 |    29 ||   194
         Troll leather arm |       |       |       |     4 ||     4
  Dodge: Dodged            |    72 |    60 |   162 |   124 ||   418
  Block: Buckler           |    47 |    62 |   184 |   126 ||   419
         Reflection        |       |       |     5 |     8 ||    13

Table legend: (Time is in decaauts)
 A = Elapsed time spent in this place.
 B = Non-inter-level travel time spent in this place.
 C = Inter-level travel time spent in this place.
 D = Time resting spent in this place.
 E = Time spent auto-exploring this place.
 F = Levels seen in this place.
 G = Mean time per level.
                   A        B        C        D        E       F      G
               +--------+--------+--------+--------+--------+-----+--------+
         Total |   9694 |   9257 |    437 |   1241 |   6311 |  11 |  881.3 |
       Dungeon |   9329 |   8907 |    422 |   1241 |   6080 |   9 | 1036.6 |
        Temple |     66 |     51 |     15 |      0 |     50 |   1 |   66.0 |
         Sewer |    298 |    298 |      0 |      0 |    181 |   1 |  298.0 |
               +--------+--------+--------+--------+--------+-----+--------+

Top non-repeatable levels by time:
     D:4: 1668 daAuts
     D:5: 1420 daAuts
     D:7: 1227 daAuts
     D:1: 1131 daAuts
     D:3: 1005 daAuts
     D:9: 873 daAuts
     D:6: 731 daAuts
     D:8: 666 daAuts
     D:2: 605 daAuts
   Sewer: 298 daAuts
  Temple: 66 daAuts
